 Dungeon Crawl Stone Soup version 0.28-a0-1087-gf3fc490d9d (webtiles) character file.

Game seed: 11057112210348987011

30 ytrimaz the Insei (level 3, 0/23 HPs)
             Began as an Octopode Transmuter on Dec 10, 2021.
             Killed by nerve-wracking pain
             ... invoked by Grinder
              (9 damage)
             ... on level 3 of the Dungeon.
             The game lasted 00:01:12 (1941 turns).

ytrimaz the Insei (Octopode Transmuter)             Turns: 1941, Time: 00:01:13

Health: 0/23       AC:  2    Str:  9    XL:     3   Next: 18%
Magic:  4/6        EV: 19    Int: 23    God:
Gold:   79         SH:  0    Dex: 17    Spells: 0/6 levels left

rFire   . . .      SeeInvis .     - Unarmed
rCold   . . .      Faith    .   (shield currently unavailable)
rNeg    . . .      Spirit   .   (helmet currently unavailable)
rPois   x          Reflect  .   (no amulet)
rElec   .          Harm     .   c - +6 ring of intelligence
rCorr   .          Rampage  .   (no ring)
Will    .....                   (no ring)
Stlth   ++........              (no ring)
HPRegen 0.07/turn               (no ring)
MPRegen 0.10/turn               (no ring)
                                (no ring)
                                (no ring)

@: spider-form (expiring), hasted, very quick
A: venomous fangs, almost no armour, (amphibious), 8 rings, tiny, (camouflage
1), (gelatinous body 1), (nimble swimmer 1), (tentacles)
a: End Transformation


You were on level 3 of the Dungeon.
You were a venomous arachnid creature.
You visited 1 branch of the dungeon, and saw 3 of its levels.

You collected 79 gold pieces.

Inventory:

Jewellery
 c - a +6 ring of intelligence (left front leg)
Wands
 b - a wand of flame (25)
Scrolls
 e - a scroll of teleportation
 f - a scroll of magic mapping
Potions
 a - a potion of haste


   Skills:
 * Level 1.5 Fighting
 - Level 2.0 Dodging
 + Level 3.5 Unarmed Combat
 * Level 2.3 Spellcasting
 * Level 2.3 Transmutations


You couldn't memorise any spells.
You knew the following spells:

 Your Spells              Type           Power      Damage    Failure   Level
a - Beastly Appendage     Tmut           26%        N/A       14%         1
b - Wereblood             Tmut           13%        N/A       19%         2
c - Spider Form           Tmut/Pois      8%         N/A       43%         3

Your spell library contained the following spells:

 Spells                   Type           Power      Damage    Failure   Level
 Ice Form                 Ice/Tmut       8%         N/A       78%         4


Dungeon Overview and Level Annotations

Branches:
Dungeon (3/15)

Altars:

Annotations:
D:3 Grinder


Innate Abilities, Weirdness & Mutations

You are a venomous arachnid creature.
You have poisonous fangs.
You are tiny and dextrous.
Your spellcasting is less reliable in this form.
Your armour is entirely melded.
You are incapable of wielding weapons or throwing items.
You cannot wear most types of armour.
((You are amphibious.))
You can wear up to eight rings at the same time.
((Your skin changes colour to match your surroundings (Stealth+).))
((Your rubbery body absorbs attacks. (AC +1, EV +1)))
((You are camouflaged near water. (Stealth+)))
((You have tentacles for arms and can constrict up to eight enemies at once.))


Message History

Unknown command.
Grinder gestures at you.
You suddenly lose the ability to move!
You can move again.
Unknown command.
You hit Grinder.
Grinder is lightly wounded.
Grinder gestures at you. Pain shoots through your body!
You barely miss Grinder.
Grinder is lightly wounded.
Grinder barely misses you.
Unknown command.
You barely miss Grinder.
Grinder is lightly wounded.
Your transformation is almost over.
Grinder gestures at you. Pain shoots through your body!
* * * LOW HITPOINT WARNING * * *
Unknown command.
You hit Grinder but do no damage.
Grinder is lightly wounded.
Grinder hits you but does no damage.
Unknown command.
It was a potion of heal wounds.
You feel much better. Grinder gestures at you. Pain shoots through your body!
Unknown command.
You feel yourself speed up.
Grinder says, "There's only one good use for a tongue: cutting it out."
Grinder closely misses you.
You hit Grinder but do no damage.
Grinder is lightly wounded.
Grinder hits you.
You writhe in agony.
Unknown command.
You hit Grinder.
Grinder is lightly wounded.
Grinder gestures at you. Pain shoots through your body!
You die...

##...## #### ##'##
##...## #.# ###
.....# #.# #..
.>..###.## #.#
...##...## #.#
.l#.....# #.# #
#5##...#########.#
#.#s###.##[........#
#..........#########
###.###.#### #.# #.#
..# #.# .... #.#
####. #.# . #.#
.##.#


You could see Grinder and a frilled lizard.

Vanquished Creatures
  An adder (D:2)
  An endoplasm (D:3)
  2 giant cockroaches
  A goblin (D:1)
  A hobgoblin (D:2)
  2 quokkas
  5 ball pythons (D:1)
  3 bats
  A frilled lizard (D:1)
  2 kobolds (D:2)
  2 rats
21 creatures vanquished.

Notes
Turn   | Place    | Note
-------+----------+-------------------------------------------
     0 | D:1      | ytrimaz the Octopode Transmuter began the quest for the
                  | Orb.
     0 | D:1      | Reached XP level 1. HP: 13/13 MP: 3/3
   296 | D:1      | Reached XP level 2. HP: 5/18 MP: 5/5
   523 | D:1      | Learned a level 2 spell: Wereblood
   531 | D:1      | Found a faded altar of an unknown god.
  1445 | D:2      | Reached XP level 3. HP: 17/23 MP: 4/6
  1449 | D:2      | Learned a level 3 spell: Spider Form
  1929 | D:3      | Noticed Grinder
  1932 | D:3      | Paralysed by Grinder for 2 turns
  1941 | D:3      | Killed from afar by Grinder

Illustrated notes

Levels and vault maps discovered:
D:1:      dpeg_arrival_short_road, layout_rooms,
          shapermc_ecumenical_altar_starsandcircs
D:2:      layout_basic, eino_tiny_chamber
D:3:      layout_loops_corners, hangedman_abyss_or_decor_lesser_grid,
          uniq_natasha, uniq_grinder

Action                   || total
-------------------------++-------
Melee: Unarmed           ||    57
       Constrict         ||    14
       Kick              ||     3
       Tentacles         ||     6
       Punch             ||     1
 Cast: Beastly Appendage ||     4
       Spider Form       ||     1
  Use: Scroll            ||     5
       Potion            ||     2
 Stab: Sleeping          ||     5
Armor: Skin              ||     5
Dodge: Dodged            ||    43

Table legend: (Time is in decaauts)
 A = Elapsed time spent in this place.
 B = Non-inter-level travel time spent in this place.
 C = Inter-level travel time spent in this place.
 D = Time resting spent in this place.
 E = Time spent auto-exploring this place.
 F = Levels seen in this place.
 G = Mean time per level.
                   A        B        C        D        E       F      G
               +--------+--------+--------+--------+--------+-----+--------+
         Total |   1936 |   1908 |     28 |      0 |   1711 |   3 |  645.3 |
       Dungeon |   1936 |   1908 |     28 |      0 |   1711 |   3 |  645.3 |
               +--------+--------+--------+--------+--------+-----+--------+

Top non-repeatable levels by time:
     D:1: 956 daAuts
     D:2: 835 daAuts
     D:3: 145 daAuts
